TOP OF THE 1ST |
Miami Marlins batting - Pitching for New York Mets : RHP Matt Laverty
|
Pitching: RHP Matt Laverty
|
|
Batting: RHB Roger Salazar
|
0-0: Ball 1-0: Called Strike 1-1: Foul Ball, location: 2F 1-2: Ground out 6-3 (Groundball, 6, EV 102.5 MPH)
|
Batting: LHB Jose Bregaro
|
0-0: Swinging Strike 0-1: Foul Ball, location: 2F 0-2: Strikes out looking
|
Batting: LHB Andre Gorter
|
0-0: Ball 1-0: Ball 2-0: Foul Ball, location: 2F 2-1: Ball 3-1: Foul Ball, location: 2F 3-2: Base on Balls
|
Batting: RHB Jimmy Groseclose
|
0-0: Foul Ball, location: 2F 0-1: SINGLE (Line Drive, 78S, EV 108.8 MPH) Andre Gorter to second Runner from 2nd tries for 3rd, SAFE, throw by CF made to third
|
Batting: LHB Adam Durgin
|
0-0: Called Strike 0-1: Ball 1-1: Ground out 1-3 (Groundball, 13S, EV 65.0 MPH)
|
Top of the 1st over - 0 runs, 1 hit, 0 errors, 2 left on base; Miami 0 - New York 0 |
BOTTOM OF THE 1ST |
New York Mets batting - Pitching for Miami Marlins : RHP Oscar Banda
|
Pitching: RHP Oscar Banda
|
|
Batting: SHB Nelle van den Berg
|
0-0: Ball 1-0: Foul Ball, location: 2F 1-1: SINGLE (Line Drive, 78M, EV 97.5 MPH)
|
Batting: LHB Kevin Bellman
|
0-0: Swinging Strike 0-1: Called Strike 0-2: Ball 1-2: Grounds into double play, 4-6-3 (Groundball, 4, EV 106.2 MPH)
|
Batting: SHB Sean Cook
|
0-0: DOUBLE (Flyball, 8LXD, EV 114.4 MPH)
|
Batting: RHB Jeff Jank
|
0-0: Ball 1-0: Ball 2-0: Foul Ball, location: 2F 2-1: Ball 3-1: Foul Ball, location: 2F 3-2: Base on Balls
|
Batting: SHB Roberto Magne
|
0-0: Foul Ball, location: 2F 0-1: Ball 1-1: Foul Ball, location: 2F 1-2: SINGLE (Flyball, 8LS, EV 93.1 MPH) Sean Cook to third Jeff Jank to second Runner from 3rd tries for Home, SAFE, throw by CF to home
|
Batting: RHB Drtian Thaqi
|
0-0: Ball 1-0: Ball 2-0: Ball 3-0: Called Strike 3-1: Swinging Strike 3-2: Strikes out swinging
|
Bottom of the 1st over - 1 run, 3 hits, 0 errors, 2 left on base; Miami 0 - New York 1 |
TOP OF THE 2ND |
Miami Marlins batting - Pitching for New York Mets : RHP Matt Laverty
|
Batting: RHB Tony Stedman
|
0-0: Foul Ball, location: 2F 0-1: Ball 1-1: Foul Ball, location: 2F 1-2: Strikes out swinging
|
Batting: RHB Mike Gar
|
0-0: Ground out 6-3 (Groundball, 6, EV 90.0 MPH)
|
Batting: RHB Zhi-bin Ou-yang
|
0-0: Called Strike 0-1: Foul Ball, location: 2F 0-2: Ball 1-2: SINGLE (Line Drive, 8RS, EV 109.4 MPH)
|
Batting: RHB Willie Chavez
|
0-0: Ball 1-0: Called Strike 1-1: Ball 2-1: Foul Ball, location: 2F 2-2: Ball 3-2: Fly out, F4 (Popup, 4, EV 50.6 MPH)
|
Top of the 2nd over - 0 runs, 1 hit, 0 errors, 1 left on base; Miami 0 - New York 1 |
BOTTOM OF THE 2ND |
New York Mets batting - Pitching for Miami Marlins : RHP Oscar Banda
|
Batting: SHB Javy Rosa
|
0-0: Ball 1-0: Ball 2-0: Ball 3-0: Called Strike 3-1: Foul Ball, location: 2F 3-2: SINGLE (Line Drive, 9S, EV 110.6 MPH)
|
Batting: LHB Fabiano Perrolas
|
0-0: Ball 1-0: Called Strike 1-1: Ball 2-1: Foul Ball, location: 2F 2-2: Strikes out swinging
|
Batting: RHB Antonio Aranda
|
0-0: Swinging Strike 0-1: Ball 1-1: Swinging Strike 1-2: Strikes out swinging
|
Batting: SHB Nelle van den Berg
|
0-0: Foul Ball, location: 2F 0-1: Ball 1-1: Swinging Strike 1-2: Ball 2-2: Strikes out swinging
|
Bottom of the 2nd over - 0 runs, 1 hit, 0 errors, 1 left on base; Miami 0 - New York 1 |
TOP OF THE 3RD |
Miami Marlins batting - Pitching for New York Mets : RHP Matt Laverty
|
Batting: RHB Roger Salazar
|
0-0: Called Strike 0-1: Ball 1-1: Ground out 5-3 (Groundball, 56, EV 84.4 MPH)
|
Batting: LHB Jose Bregaro
|
0-0: SINGLE (Groundball, 4MS, EV 72.5 MPH) (infield hit)
|
Batting: LHB Andre Gorter
|
0-0: Ball 1-0: Called Strike 1-1: Foul Ball, location: 2F 1-2: Strikes out swinging
|
Batting: RHB Jimmy Groseclose
|
0-0: Ground out 5-3 (Groundball, 56S, EV 65.0 MPH)
|
Top of the 3rd over - 0 runs, 1 hit, 0 errors, 1 left on base; Miami 0 - New York 1 |
BOTTOM OF THE 3RD |
New York Mets batting - Pitching for Miami Marlins : RHP Oscar Banda
|
Batting: LHB Kevin Bellman
|
0-0: SINGLE (Groundball, 56S, EV 62.5 MPH) (infield hit)
|
Batting: SHB Sean Cook
|
0-0: Ball 1-0: Called Strike 1-1: Ball 2-1: Foul Ball, location: 2F 2-2: Ball 3-2: Fly out, F8 (Flyball, 8LM, EV 93.1 MPH)
|
Batting: RHB Jeff Jank
|
0-0: Ball Kevin Bellman steals 2nd base (no throw) 1-0: Ball 2-0: Ground out 6-3 (Groundball, 6, EV 82.5 MPH) Kevin Bellman to third
|
Batting: SHB Roberto Magne
|
0-0: Ball 1-0: Foul Ball, location: 2F 1-1: Foul Ball, location: 2F 1-2: Ball 2-2: Foul Ball, location: 2F 2-2: Ball 3-2: 2-RUN HOME RUN (Flyball, 9D, EV 98.8 MPH), Distance : 391 ft
|
Batting: RHB Drtian Thaqi
|
0-0: Ball 1-0: SINGLE (Line Drive, 78M, EV 95.6 MPH)
|
Batting: SHB Javy Rosa
|
0-0: Called Strike 0-1: Fly out, F7 (Line Drive, 78M, EV 105.0 MPH)
|
Bottom of the 3rd over - 2 runs, 3 hits, 0 errors, 1 left on base; Miami 0 - New York 3 |
TOP OF THE 4TH |
Miami Marlins batting - Pitching for New York Mets : RHP Matt Laverty
|
Batting: LHB Adam Durgin
|
0-0: Ball 1-0: Ball 2-0: Foul Ball, location: 2F 2-1: Foul Ball, location: 2F 2-2: Strikes out looking
|
Batting: RHB Tony Stedman
|
0-0: Called Strike 0-1: Foul Ball, location: 2F 0-2: Ball 1-2: Strikes out swinging
|
Batting: RHB Mike Gar
|
0-0: Foul Ball, location: 2F 0-1: Ground out 6-3 (Groundball, 6, EV 106.2 MPH)
|
Top of the 4th over - 0 runs, 0 hits, 0 errors, 0 left on base; Miami 0 - New York 3 |
BOTTOM OF THE 4TH |
New York Mets batting - Pitching for Miami Marlins : RHP Oscar Banda
|
Batting: LHB Fabiano Perrolas
|
0-0: Ball 1-0: Ball 2-0: Ball 3-0: Fly out, F9 (Flyball, 9LMF, EV 81.9 MPH)
|
Batting: RHB Antonio Aranda
|
0-0: Called Strike 0-1: Ball 1-1: Ball 2-1: Foul Ball, location: 2F 2-2: Fly out, F8 (Flyball, 8RM, EV 90.6 MPH)
|
Batting: SHB Nelle van den Berg
|
0-0: Fly out, F7 (Flyball, 7S, EV 83.8 MPH)
|
Bottom of the 4th over - 0 runs, 0 hits, 0 errors, 0 left on base; Miami 0 - New York 3 |
TOP OF THE 5TH |
Miami Marlins batting - Pitching for New York Mets : RHP Matt Laverty
|
Batting: RHB Zhi-bin Ou-yang
|
0-0: Swinging Strike 0-1: Called Strike 0-2: Fly out, F9 (Flyball, 9, EV 82.5 MPH)
|
Batting: RHB Willie Chavez
|
0-0: Called Strike 0-1: Ball 1-1: Ball 2-1: Ball 3-1: Ground out 6-3 (Groundball, 6, EV 92.5 MPH)
|
Batting: RHB Roger Salazar
|
0-0: Called Strike 0-1: Ball 1-1: Ball 2-1: Fly out, F8 (Flyball, 89D, EV 89.4 MPH)
|
Top of the 5th over - 0 runs, 0 hits, 0 errors, 0 left on base; Miami 0 - New York 3 |
BOTTOM OF THE 5TH |
New York Mets batting - Pitching for Miami Marlins : RHP Oscar Banda
|
Batting: LHB Kevin Bellman
|
0-0: Ball 1-0: Ball 2-0: SINGLE (Line Drive, 4D, EV 93.8 MPH)
|
Batting: SHB Sean Cook
|
0-0: Foul Ball, location: 2F 0-1: Called Strike Kevin Bellman is caught stealing 2nd base 2-6 0-2: Ball 1-2: Foul Ball, location: 2F 1-2: Foul Ball, location: 2F 1-2: Fly out, F9 (Line Drive, 9S, EV 93.1 MPH)
|
Batting: RHB Jeff Jank
|
0-0: Ball 1-0: Called Strike 1-1: Swinging Strike 1-2: Ball 2-2: Strikes out swinging
|
Bottom of the 5th over - 0 runs, 1 hit, 0 errors, 0 left on base; Miami 0 - New York 3 |
TOP OF THE 6TH |
Miami Marlins batting - Pitching for New York Mets : RHP Matt Laverty
|
Batting: LHB Jose Bregaro
|
0-0: Ball 1-0: SOLO HOME RUN (Flyball, 89XD, EV 100.0 MPH), Distance : 399 ft
|
Batting: LHB Andre Gorter
|
0-0: Ball 1-0: Foul Ball, location: 2F 1-1: Foul Ball, location: 2F 1-2: Strikes out swinging
|
Batting: RHB Jimmy Groseclose
|
0-0: Called Strike 0-1: Ball 1-1: Swinging Strike 1-2: Ball 2-2: Foul Ball, location: 2F 2-2: Ground out 6-3 (Groundball, 4MS, EV 81.2 MPH)
|
Batting: LHB Adam Durgin
|
0-0: Ball 1-0: Ball 2-0: Ground out 4-3 (Groundball, 4D, EV 100.6 MPH)
|
Top of the 6th over - 1 run, 1 hit, 0 errors, 0 left on base; Miami 1 - New York 3 |
BOTTOM OF THE 6TH |
New York Mets batting - Pitching for Miami Marlins : RHP Oscar Banda
|
Batting: SHB Roberto Magne
|
0-0: Ball 1-0: Called Strike 1-1: Ball 2-1: DOUBLE (Flyball, 89XD, EV 116.2 MPH)
|
Batting: RHB Drtian Thaqi
|
0-0: Ball 1-0: Swinging Strike 1-1: Called Strike 1-2: Ball 2-2: Strikes out swinging
|
Batting: SHB Javy Rosa
|
0-0: Ball 1-0: Ball 2-0: Ball 3-0: Base on Balls
|
Pitching: LHP Cody Coward
|
|
Batting: LHB Fabiano Perrolas
|
0-0: Called Strike 0-1: Called Strike 0-2: Strikes out looking
|
Batting: RHB Antonio Aranda
|
0-0: Foul Ball, location: 2F 0-1: Called Strike 0-2: Strikes out swinging
|
Bottom of the 6th over - 0 runs, 1 hit, 0 errors, 2 left on base; Miami 1 - New York 3 |
TOP OF THE 7TH |
Miami Marlins batting - Pitching for New York Mets : RHP Matt Laverty
|
Batting: RHB Tony Stedman
|
0-0: Swinging Strike 0-1: Foul Ball, location: 2F 0-2: Ball 1-2: Strikes out swinging
|
Batting: RHB Mike Gar
|
0-0: Foul Ball, location: 2F 0-1: Ball 1-1: Swinging Strike 1-2: Ball 2-2: Strikes out swinging
|
Batting: RHB Zhi-bin Ou-yang
|
0-0: Called Strike 0-1: Ball 1-1: DOUBLE (Groundball, 3L, EV 104.4 MPH)
|
Batting: RHB Willie Chavez
|
0-0: Ball 1-0: Foul Ball, location: 2F 1-1: Swinging Strike 1-2: Strikes out swinging
|
Top of the 7th over - 0 runs, 1 hit, 0 errors, 1 left on base; Miami 1 - New York 3 |
BOTTOM OF THE 7TH |
New York Mets batting - Pitching for Miami Marlins : LHP Cody Coward
|
Batting: SHB Nelle van den Berg
|
0-0: Swinging Strike 0-1: Ground out 4-3 (Groundball, 4, EV 100.6 MPH)
|
Batting: LHB Kevin Bellman
|
0-0: Called Strike 0-1: Ball 1-1: Called Strike 1-2: Hit by Pitch
|
Batting: SHB Sean Cook
|
0-0: Ball 1-0: Ball 2-0: Foul Ball, location: 2F 2-1: Ball 3-1: Fly out, F7 (Flyball, 7, EV 97.5 MPH)
|
Batting: RHB Jeff Jank
|
0-0: Ball 1-0: Called Strike Kevin Bellman is caught stealing 2nd base 2-4
|
Bottom of the 7th over - 0 runs, 0 hits, 0 errors, 0 left on base; Miami 1 - New York 3 |
TOP OF THE 8TH |
Miami Marlins batting - Pitching for New York Mets : RHP Matt Laverty
|
Pitching: LHP Chris Thurner
|
|
Batting: RHB Roger Salazar
|
0-0: Called Strike 0-1: Foul Ball, location: 2F 0-2: Ground out 4-3 (Groundball, 4S, EV 73.1 MPH)
|
Pinch Hitting: RHB Bert Clark
|
0-0: Ball 1-0: Foul Ball, location: 2F 1-1: SINGLE (Groundball, 56D, EV 98.8 MPH)
|
Batting: LHB Andre Gorter
|
0-0: Ball 1-0: Fly out, F8 (Flyball, 8LM, EV 95.0 MPH)
|
Batting: RHB Jimmy Groseclose
|
0-0: Called Strike 0-1: Foul Ball, location: 2F 0-2: Ball 1-2: Strikes out looking
|
Top of the 8th over - 0 runs, 1 hit, 0 errors, 1 left on base; Miami 1 - New York 3 |
BOTTOM OF THE 8TH |
New York Mets batting - Pitching for Miami Marlins : LHP Cody Coward
|
Now in LF: Bert Clark
|
|
Batting: RHB Jeff Jank
|
0-0: Ball 1-0: Ball 2-0: Ball 3-0: Base on Balls
|
Batting: SHB Roberto Magne
|
0-0: Called Strike Jeff Jank steals 2nd base (no throw) 0-1: Ball 1-1: Foul Ball, location: 2F 1-2: Ball 2-2: Foul Ball, location: 2F 2-2: Strikes out looking
|
Batting: RHB Drtian Thaqi
|
0-0: Intentional Walk
|
Batting: SHB Javy Rosa
|
0-0: Ball 1-0: Called Strike 1-1: Foul Ball, location: 2F 1-2: Strikes out swinging
|
Batting: LHB Fabiano Perrolas
|
0-0: Called Strike 0-1: Ball 1-1: Ball 2-1: Foul Ball, location: 2F 2-2: Ball 3-2: Foul Ball, location: 2F 3-2: Base on Balls Jeff Jank to third Drtian Thaqi to second
|
Batting: RHB Antonio Aranda
|
0-0: Called Strike 0-1: Swinging Strike 0-2: Foul Ball, location: 2F 0-2: SINGLE (Groundball, 34D, EV 95.0 MPH) Jeff Jank scores Drtian Thaqi to third Fabiano Perrolas to second
|
Batting: SHB Nelle van den Berg
|
0-0: Swinging Strike 0-1: Ball 1-1: Ball 2-1: DOUBLE (Line Drive, 7LD, EV 111.9 MPH) Drtian Thaqi scores Fabiano Perrolas scores Antonio Aranda to third Runner from 3rd tries for Home, SAFE, throw by LF to trailing runner, SAFE at third!
|
Pitching: RHP Nick Newmaster
|
|
Batting: LHB Kevin Bellman
|
0-0: Ground out 5-3 (Groundball, 5, EV 81.2 MPH)
|
Bottom of the 8th over - 4 runs, 2 hits, 0 errors, 1 left on base; Miami 1 - New York 7 |
TOP OF THE 9TH |
Miami Marlins batting - Pitching for New York Mets : LHP Chris Thurner
|
Now in CF: Finn Ross
|
|
Now in RF: Antonio Aranda
|
|
Batting: LHB Adam Durgin
|
0-0: Called Strike 0-1: Fly out, F7 (Flyball, 7LD, EV 95.6 MPH)
|
Batting: RHB Tony Stedman
|
0-0: Called Strike 0-1: Called Strike 0-2: Ball 1-2: Foul Ball, location: 2F 1-2: Ball 2-2: Ball 3-2: Foul Ball, location: 2F 3-2: Base on Balls
|
Batting: RHB Mike Gar
|
0-0: Called Strike 0-1: Ball 1-1: Called Strike 1-2: Ball 2-2: Strikes out swinging
|
Batting: RHB Zhi-bin Ou-yang
|
0-0: Called Strike 0-1: Foul Ball, location: 2F 0-2: Fly out, F9 (Flyball, 89S, EV 90.0 MPH)
|
Top of the 9th over - 0 runs, 0 hits, 0 errors, 1 left on base; Miami 1 - New York 7 |
|